 Dungeon Crawl Stone Soup version 0.32-a0-141-g04fe69798e (webtiles) character file.

Game seed: 1634518506939542418

22848 Conn the Destroyer (level 13, -1/78 HPs)
             Began as an Octopode Fire Elementalist on Feb 11, 2024.
             Was a Believer of Sif Muna.
             Succumbed to a meliai's poison
             ... on level 13 of the Dungeon.
             The game lasted 00:46:46 (14098 turns).

Conn the Destroyer (Octopode Fire Elementalist)    Turns: 14098, Time: 00:46:46

Health: -1/78      AC:  5    Str:  6    XL:     13   Next: 2%
Magic:  22/34      EV: 16    Int: 33    God:    Sif Muna [**....]
Gold:   1334       SH:  0    Dex: 16    Spells: 3/29 levels left

rFire   + . .        K - +5 short sword (protect)
rCold   x . .        (no shield)
rNeg    . . .        G - +2 hat
rPois   +            A - amulet of magic regeneration
rElec   .            I - +4 ring of slaying
rCorr   +            M - ring of Accord {^Drain Fly rC- MP+9 Int+8}
SInv    .            b - ring of wizardry
Will    .....        a - ring of protection from fire
Stlth   +++++        O - ring "Sooluopn" {Fly rCorr Str-2 Dex+5}
HPRegen 0.33/turn    (no ring)
MPRegen 0.64/turn    (no ring)
                     (no ring)

%: wizardry (x1)
@: lethally poisoned (-1 -> -22), on blink cooldown, flying
A: almost no armour, amphibious, 8 rings, camouflage 1, gelatinous body 1,
(nimble swimmer 1), tentacles, iridescent scales 1, clever 1, poison resistance
a: Renounce Religion, Channel Magic


You were on level 13 of the Dungeon.
You worshipped Sif Muna.
Sif Muna was pleased with you.
You visited 2 branches of the dungeon, and saw 14 of its levels.
You also visited: Sewer and Ossuary.

You collected 1733 gold pieces.
You spent 399 gold pieces at shops.

Inventory:

Hand Weapons
 e - a +2 dagger of flaming
 k - the +4 dire flail of Fury {holy, rElec Stlth+}
   (You took it off a two-headed ogre on level 10 of the Dungeon)

   rElec:     It insulates you from electricity.
   Stlth+:    It makes you more stealthy.
 K - a +5 short sword of protection (weapon)
 N - the +0 sling of the Apocalypse {flame, Int+4}
   (You found it on level 11 of the Dungeon)

   Int+4:     It affects your intelligence (+4).
Missiles
 x - 4 throwing nets
 y - 2 curare-tipped darts
Armour
 G - a +2 hat (worn)
Jewellery
 a - a ring of protection from fire (on tentacle)
 b - a ring of wizardry (on tentacle)
 o - an amulet of guardian spirit
 A - an amulet of magic regeneration (around mantle)
 I - a +4 ring of slaying (left tentacle)
 J - an amulet of faith
 M - the ring of Accord (right tentacle) {^Drain Fly rC- MP+9 Int+8}
   (You bought it in a shop on level 1 of the Dungeon)

   [ring of magical power]

   Int+8:     It affects your intelligence (+8).
   rC-:       It makes you vulnerable to cold.
   MP+9:      It affects your magic capacity (+9).
   Fly:       It grants you flight.
   ^Drain:    It drains your maximum health when unequipped.
 O - the ring "Sooluopn" (on tentacle) {Fly rCorr Str-2 Dex+5}
   (You found it on level 11 of the Dungeon)

   [ring of resist corrosion]

   Str-2:     It affects your strength (-2).
   Dex+5:     It affects your dexterity (+5).
   Fly:       It grants you flight.
   rCorr:     It protects you from acid and corrosion.
Wands
 r - a wand of roots (16)
 t - a wand of flame (25)
 z - a wand of quicksilver (7)
 D - a wand of charming (13)
 E - a wand of digging (3)
Scrolls
 g - 4 scrolls of teleportation
 l - 2 scrolls of poison
 m - 3 scrolls of noise
 n - 2 scrolls of enchant armour
 p - 3 scrolls of amnesia
 q - 3 scrolls of fear
 v - a scroll of vulnerability
 w - 2 scrolls of immolation
 B - a scroll of revelation
 L - 2 scrolls of blinking
Potions
 c - 3 potions of haste
 f - 5 potions of mutation
 h - 4 potions of might
 i - 2 potions of heal wounds
 j - 9 potions of curing
 s - 2 potions of cancellation
 u - 3 potions of attraction
 C - 2 potions of lignification
 F - a potion of ambrosia
 H - a potion of resistance
 P - a potion of brilliance


   Skills:
 + Level 3.5 Fighting
 + Level 7.1 Dodging
 - Level 9.0 Stealth
 * Level 8.9 Spellcasting
 * Level 9.4 Conjurations
 - Level 5.1 Hexes
 + Level 5.5 Translocations
 + Level 7.4 Fire Magic
 - Level 5.0 Ice Magic
 - Level 5.0 Air Magic
 - Level 3.0 Alchemy
 * Level 5.5 Invocations


You had 3 spell levels left.
You knew the following spells:

 Your Spells              Type           Power      Damage    Failure   Level
a - Foxfire               Conj/Fire      100%       2x1d9     1%          1
b - Scorch                Fire           100%       2d9       1%          2
c - Inner Flame           Hex/Fire       54%        N/A       1%          3
d - Flame Wave            Conj/Fire      63%        2d15      1%          4
e - Blink                 Tloc           100%       N/A       1%          2
f - Mephitic Cloud        Conj/Alch/Air  52%        N/A       1%          3
g - Ozocubu's Armour      Ice            47%        N/A       1%          3
h - Metabolic Englaciati  Hex/Ice        24%        N/A       4%          5
i - Swiftness             Air            47%        N/A       1%          3

Your spell library contained the following spells:

 Spells                   Type           Power      Damage    Failure   Level
 Ensorcelled Hibernation  Hex/Ice        96%        N/A       1%          2
 Lesser Beckoning         Tloc           100%       N/A       1%          2
 Momentum Strike          Conj/Tloc      100%       3d10      1%          2
 Dazzling Flash           Conj/Hex       100%       N/A       1%          3
 Volatile Blastmotes      Fire/Tloc      100%       2d18      1%          3
 Passwall                 Erth           14%        N/A       4%          3
 Ignite Poison            Fire/Alch      49%        N/A       1%          4
 Sticky Flame             Fire/Alch      49%        2d9       1%          4
 Silence                  Hex/Air        24%        N/A       4%          5
 Curse of Agony           Necr           14%        N/A       32%         5
 Sculpt Simulacrum        Ice/Alch       20%        N/A       34%         6
 Ignition                 Fire           29%        3d9       98%         8


Dungeon Overview and Level Annotations

Branches:
Dungeon (13/15) Temple (1/1) D:5 Lair (0/5) D:9 Orc (0/2) D:9 Vaults (0/5) D:12 D:13 Sewer (visited) Ossuary (visited)

Altars:
Ashenzari
Cheibriados
Dithmenos
Elyvilon
Fedhas
Gozag
Hepliaklqana
Kikubaaqudgha
Makhleb
Nemelex Xobeh
Okawaru
Qazlal
Ru
Sif Muna
Trog
Uskayaw
Vehumet
Wu Jian
Xom
Yredelemnul
Zin
The Shining One

Shops:
D:1 =   D:2 :   D:11 (


Innate Abilities, Weirdness & Mutations

You cannot wear most types of armour.
You are amphibious.
You can wear up to eight rings at the same time.
Your skin changes colour to match your surroundings (Stealth+).
Your rubbery body absorbs attacks. (AC +1, EV +1)
((You are camouflaged when in or above water. (Stealth+)))
You have tentacles for arms and can constrict up to eight enemies at once.
You are partially covered in iridescent scales. (AC +2)
Your mind is acute. (Int +4, Str/Dex -1)
Your system is resistant to poisons. (rPois)


Message History

The red ugly thing's fire resistance burns away.
A meliai comes into view.
It is wielding a +2 hand axe of draining.
The red ugly thing closely misses you.
Casting: Scorch (safe; 1% risk of failure)
Confirm with . or Enter, or press ? or * to list all spells.
Casting: Flame Wave (safe; 1% risk of failure)
Press: ? - help, Dir - look around, f - activate A wave of flame ripples out!
The flame wave engulfs the red ugly thing!!
The red ugly thing is heavily wounded. (Press . to intensify the flame waves.)
The meliai mumbles some strange prayers to its god against you.
Something smites you! The red ugly thing claws you!
You are engulfed in flames.
You resist.
A wave of flame ripples out!
The flame wave engulfs the red ugly thing!
The red ugly thing is severely wounded.
You hear an angry buzzing noise.
The red ugly thing is no longer more vulnerable to fire.
A meliai comes into view. It is wielding a +0 broad axe.
The red ugly thing claws you!
You are engulfed in flames!
You resist.
A cyclops comes into view.
Unknown command.
Casting: Flame Wave (safe; 1% risk of failure)
Confirm with . or Enter, or press ? or * to list all spells.
You blink.
A meliai, a yak and a cyclops come into view.
The meliai is wielding a +0 heavy war axe.
Found a scroll of amnesia, a chain mail, 2 potions of resistance and a robe.
The meliai misses you. The meliai stings you!
* * * LOW HITPOINT WARNING * * *
You are lethally poisoned!
The meliai poisons you!
The meliai mumbles some strange prayers to its god against you.
Something smites you!
* * * LOW HITPOINT WARNING * * *
Blink to where?
Press: ? - help, Dir - move target
As you read the scroll of blinking, it crumbles to dust.
You die...

....##...y≈C...#
.....###.§y..###
.......###u###.#
...........W...#########
...........§...........#
.......................#
.......................#
##....#######...........
#....# #...@.......
##....# #.....######
......# #.....# ......#
#.....# ......## #.....#
.......# #.....#
.......# #.....##
.......# #......#
.......# #......#######+


You could see a red ugly thing, a shadow and a meliai.

Vanquished Creatures
  Gastronok (D:8)
  3 slime creatures (D:12)
  5 two-headed ogres
  The ghost of Kenran the Marksspriggan, a journeyman SpHu of Okawaru (D:10)
  Pikel (D:6)
  A deep elf pyromancer (D:12)
  An ugly thing (D:12)
  2 cyclopes (D:11)
  A manticore (D:11)
  2 kobold demonologists (D:11)
  6 trolls
  A hornet (D:9)
  3 shadows
  A wyvern (D:9)
  8 humans
  35 yaks
  3 wraiths
  4 vampire mosquitoes
  A steam dragon (D:8)
  2 water moccasins
  Duvessa (D:6)
  A black bear (D:8)
  2 sky beasts (D:7)
  2 ice beasts
  2 orc warriors
  A crocodile (Sewer)
  4 wolves (D:9)
  6 centaurs
  A phantom (D:7)
  7 kobold brigands
  2 bullfrogs
  3 scorpions
  2 gnoll sergeants
  3 water moccasin zombies (Ossuary)
  Dowan (D:6)
  A burial acolyte (Ossuary)
  6 electric eels (D:9)
  9 howler monkeys
  2 bombardier beetles
  9 hounds
  7 orc priests
  6 iguanas
  3 jellies
  A gnoll bouda (D:5)
  2 sleepcaps
  8 orc wizards
  2 crocodile zombies (Ossuary)
  2 mummies (Ossuary)
  17 gnolls
  7 adders
  5 river rats (Sewer)
  2 shadow imps
  2 white imps
  2 ufetubi (D:7)
  5 adder zombies (Ossuary)
  5 ribbon worms
  2 dart slugs (D:1)
  27 orcs
  7 ball pythons
  5 endoplasms
  6 giant cockroaches
  7 goblins
  6 hobgoblins
  3 jackals (D:4)
  6 quokkas
  5 bats
  10 gnoll zombies (Ossuary)
  A goblin zombie (D:7)
  2 jackal zombies (Ossuary)
  18 kobolds
  2 orc zombies (Ossuary)
  6 rats
  A rat zombie (D:7)
337 creatures vanquished.

Vanquished Creatures (others)
  928 foxfires
928 creatures vanquished.

Grand Total: 1265 creatures vanquished

Notes
Turn   | Place    | Note
-------+----------+-------------------------------------------
     0 | D:1      | Conn the Octopode Fire Elementalist began the quest for the
                  | Orb.
     0 | D:1      | Reached XP level 1. HP: 11/11 MP: 3/3
   337 | D:1      | Found a faded altar of an unknown god.
   370 | D:1      | Reached XP level 2. HP: 17/17 MP: 0/5
   440 | D:1      | Learned a level 2 spell: Scorch
   787 | D:1      | Found Oreecvin's Jewellery Shoppe.
  1252 | D:2      | Reached XP level 3. HP: 21/21 MP: 6/6
  1256 | D:2      | Learned a level 3 spell: Inner Flame
  1563 | D:2      | Found Cuaxko's Book Boutique.
  1652 | D:2      | Reached XP level 4. HP: 27/27 MP: 7/7
  2267 | D:3      | Gained mutation: You are partially covered in iridescent
                  | scales. (AC +2) [potion of mutation]
  2267 | D:3      | Gained mutation: Your system is resistant to poisons.
                  | (rPois) [potion of mutation]
  2267 | D:3      | Gained mutation: Your mind is acute. (Int +4, Str/Dex -1)
                  | [potion of mutation]
  2354 | D:4      | Reached XP level 5. HP: 31/31 MP: 0/9
  2374 | D:4      | Found a glowing drain.
  2385 | Sewer    | Entered a sewer
  2659 | Sewer    | Noticed a crocodile
  2659 | Sewer    | Noticed a kobold brigand
  2674 | Sewer    | Killed a crocodile
  2675 | Sewer    | Reached skill level 1 in Hexes
  2675 | Sewer    | Reached XP level 6. HP: 22/36 MP: 1/10
  3006 | Sewer    | Reached XP level 7. HP: 41/41 MP: 0/12
  3267 | D:4      | Identified the +1 robe of the Teacher {rF++ rN+ Str-3}
  3501 | D:4      | You fall into a shaft and drop 3 floors!
  3521 | D:7      | Reached skill level 5 in Stealth
  3645 | D:7      | Reached XP level 8. HP: 35/46 MP: 2/14
  3773 | D:7      | Learned a level 4 spell: Flame Wave
  3776 | D:7      | Learned a level 2 spell: Blink
  3780 | D:7      | Learned a level 3 spell: Mephitic Cloud
  3857 | D:7      | Found a sand-covered staircase.
  3881 | Ossuary  | Entered an ossuary
  4038 | Ossuary  | Reached skill level 5 in Conjurations
  4202 | Ossuary  | Reached skill level 1 in Air Magic
  4311 | Ossuary  | Reached skill level 1 in Alchemy
  4321 | Ossuary  | Reached skill level 1 in Translocations
  4605 | D:6      | Noticed Duvessa
  4607 | D:6      | Reached skill level 5 in Spellcasting
  4611 | D:6      | Noticed Dowan
  4613 | D:6      | Killed Duvessa
  4613 | D:6      | Noticed Pikel
  4765 | D:7      | Reached XP level 9. HP: 51/51 MP: 11/16
  4880 | D:6      | Killed Pikel
  4881 | D:6      | Reached skill level 5 in Fire Magic
  4997 | D:7      | Learned a level 3 spell: Ozocubu's Armour
  5004 | D:6      | Killed Dowan
  5070 | D:5      | Entered Level 5 of the Dungeon
  5184 | D:5      | Found a staircase to the Ecumenical Temple.
  5449 | Temple   | Entered the Ecumenical Temple
  5668 | D:5      | Reached skill level 1 in Ice Magic
  7172 | D:5      | Reached skill level 5 in Dodging
  7292 | D:5      | Reached XP level 10. HP: 47/56 MP: 3/19
  7894 | D:6      | Found an ancient bone altar of Kikubaaqudgha.
  8949 | D:8      | Noticed Gastronok
  8981 | D:8      | Found a burning altar of Makhleb.
  9413 | D:8      | Killed Gastronok
  9714 | D:8      | Identified the +2 leather armour "Peloc" {rC+}
  9845 | D:9      | Found a staircase to the Orcish Mines.
  9931 | D:9      | Reached XP level 11. HP: 61/61 MP: 17/21
  9954 | D:9      | Found a staircase to the Lair.
 10043 | D:9      | Reached skill level 5 in Hexes
 10386 | D:9      | Found a shimmering altar of Xom.
 10391 | D:9      | Found a radiant altar of Vehumet.
 10394 | D:9      | Found a shimmering blue altar of Sif Muna.
 10398 | D:9      | Became a worshipper of Sif Muna the Loreminder
 10404 | D:9      | Found an opulent altar of Gozag.
 10678 | D:10     | Entered Level 10 of the Dungeon
 10700 | D:10     | Found an iron altar of Okawaru.
 10972 | D:10     | Found a transporter.
 10973 | D:10     | Noticed Kenran's ghost (journeyman SpHu)
 10975 | D:10     | Noticed a two-headed ogre
 10975 | D:10     | Noticed a two-headed ogre
 10981 | D:10     | Identified the +7 great mace of the Eight Bones {heavy,
                  | rPois}
 10981 | D:10     | Identified the +4 dire flail of Fury {holy, rElec Stlth+}
 10981 | D:10     | Noticed a two-headed ogre
 11027 | D:10     | Reached skill level 1 in Invocations
 11119 | D:10     | Reached skill level 1 in Fighting
 11169 | D:10     | Noticed a two-headed ogre
 11180 | D:10     | Killed a two-headed ogre
 11771 | D:1      | Bought the ring of Accord {^Drain Fly rC- MP+9 Int+8} for
                  | 399 gold pieces
 11971 | D:10     | Found a transporter.
 12023 | D:10     | Identified a scroll of acquirement
 12024 | D:10     | Acquired 896 gold pieces
 12039 | D:10     | Killed a two-headed ogre
 12042 | D:10     | Killed a two-headed ogre
 12042 | D:10     | Killed a two-headed ogre
 12043 | D:10     | Reached skill level 5 in Air Magic
 12043 | D:10     | Reached XP level 12. HP: 58/70 MP: 13/24
 12046 | D:10     | Killed Kenran's ghost
 12073 | D:10     | Learned a level 5 spell: Metabolic Englaciation
 12077 | D:10     | Learned a level 3 spell: Swiftness
 12202 | D:11     | Reached * piety under Sif Muna
 12206 | D:11     | Noticed a two-headed ogre
 12221 | D:11     | Killed a two-headed ogre
 12236 | D:11     | Reached skill level 5 in Translocations
 12427 | D:11     | Identified the +0 sling of the Apocalypse {flame, Int+4}
 12470 | D:11     | Identified the ring "Sooluopn" {Fly rCorr Str-2 Dex+5}
 12560 | D:11     | Found Cejivokk's Weapon Boutique.
 13136 | D:12     | Reached skill level 5 in Invocations
 13353 | D:12     | Reached skill level 5 in Ice Magic
 13353 | D:12     | Reached ** piety under Sif Muna
 13777 | D:13     | Noticed a centaur warrior
 13777 | D:13     | Noticed a two-headed ogre
 13777 | D:13     | Noticed a boulder beetle
 13777 | D:13     | Found a gate to the Vaults.
 13879 | D:12     | Reached XP level 13. HP: 51/78 MP: 25/25
 14098 | D:13     | Succumbed to a meliai's poison

Illustrated notes

Levels and vault maps discovered:
D:1:      minmay_arrival_checkered_box, layout_basic, serial_shops, shop,
          ebering_ecumenical_altar_abandoned
D:2:      minmay_evil_eye, layout_basic, serial_shops, shop
D:3:      layout_basic
D:4:      layout_rooms, portal_sewer_entry_f
D:5:      layout_loops_ring, minmay_temple_entry_statues_fountains,
          nrook_mini_vaults
D:6:      layout_loops_ring, kiku_gazebo_pond_becter, uniq_pikel, uniq_duvessa
D:7:      layout_loops_cross, enter_ossuary_4
D:8:      layout_rooms, lemuel_doored_altar, uniq_gastronok
D:9:      layout_long_grid, grunt_temple_overflow_cloverleaf, erik_lair_island,
          orc_0_dummy, serial_glass, glass_columns_c, glass_columns_b,
          glass_columns_a, glass_columns_a, glass_columns_a, glass_columns_b,
          item_on_display_a, due_unseen_surprise, item_on_display_a,
          minmay_strange_pillars
D:10:     layout_small_grid, okawaru_humans, gammafunk_ghost_smash
D:11:     layout_cross, serial_shops, shop
D:12:     layout_loops_cross, st_stairs_13
D:13:     layout_irregular_city, david_vaults_3, grunt_potential
Temple:   bh_familiar_temple

Skill      XL: |  1  2  3  4  5  6  7  8  9 10 11 12 |
---------------+-------------------------------------+-----
Stealth        | 3 4 5 6 7 8 9 |  9.0
Conjurations   | 2 3 4 5 6 7 8 9 |  9.4
Spellcasting   | 3 4 5 6 8 |  8.9
Hexes          | 1 2 3 4 5 |  5.1
Dodging        | 3 4 5 6 7 |  7.1
Fire Magic     | 4 5 6 7 |  7.4
Air Magic      | 1 2 3 5 |  5.0
Alchemy        | 1 2 3 |  3.0
Translocations | 1 2 3 4 5 |  5.5
Ice Magic      | 1 3 4 5 |  5.0
Invocations    | 3 5 |  5.5
Fighting       | 1 3 |  3.5

Action                     |  1- 3 |  4- 6 |  7- 9 | 10-12 | 13-15 || total
---------------------------+-------+-------+-------+-------+-------++-------
  Melee: Constrict         |     4 |     6 |    23 |    11 |       ||    44
         Punch             |     2 |     4 |     9 |     4 |       ||    19
         Unarmed           |     1 |       |       |       |       ||     1
         Dagger            |    16 |    43 |   129 |    31 |       ||   219
         Tentacles         |     3 |     6 |    29 |    21 |       ||    59
         Short sword       |       |       |       |    29 |       ||    29
   Cast: Foxfire           |    46 |    56 |   133 |   279 |     3 ||   517
         Scorch            |       |     6 |    41 |    73 |     2 ||   122
         Inner Flame       |       |     1 |    12 |    21 |       ||    34
         Flame Wave        |       |       |     4 |    21 |     2 ||    27
         Mephitic Cloud    |       |       |       |     8 |       ||     8
         Ozocubu's Armour  |       |       |       |     3 |       ||     3
         Blink             |       |       |       |     4 |     1 ||     5
         Metabolic Englaci |       |       |       |     3 |       ||     3
  Evoke: Wand              |       |       |     1 |     7 |       ||     8
    Use: Potion            |       |     6 |     3 |     7 |       ||    16
         Scroll            |       |     3 |     1 |    16 |     1 ||    21
   Stab: Sleeping          |     7 |     5 |    12 |     4 |       ||    28
 Armour: Skin              |     7 |    35 |    91 |    97 |     3 ||   233
  Dodge: Dodged            |     9 |    36 |   102 |   111 |     3 ||   261

Table legend: (Time is in decaauts)
 A = Elapsed time spent in this place.
 B = Non-inter-level travel time spent in this place.
 C = Inter-level travel time spent in this place.
 D = Time resting spent in this place.
 E = Time spent auto-exploring this place.
 F = Levels seen in this place.
 G = Mean time per level.
                   A        B        C        D        E       F      G
               +--------+--------+--------+--------+--------+-----+--------+
         Total |  14106 |  13558 |    548 |   1226 |   8394 |  16 |  881.6 |
       Dungeon |  12734 |  12186 |    548 |    695 |   8033 |  13 |  979.5 |
        Temple |      9 |      9 |      0 |      0 |      0 |   1 |    9.0 |
         Sewer |    787 |    787 |      0 |    126 |    361 |   1 |  787.0 |
       Ossuary |    574 |    574 |      0 |    405 |      0 |   1 |  574.0 |
               +--------+--------+--------+--------+--------+-----+--------+

Top non-repeatable levels by time:
     D:5: 1492 daAuts
     D:1: 1283 daAuts
     D:8: 1208 daAuts
     D:7: 1191 daAuts
    D:12: 1187 daAuts
    D:10: 1186 daAuts
     D:3: 1178 daAuts
     D:9: 962 daAuts
     D:4: 937 daAuts
   Sewer: 787 daAuts
     D:6: 775 daAuts
    D:11: 658 daAuts
     D:2: 581 daAuts
 Ossuary: 574 daAuts
    D:13: 90 daAuts
